Map: Ice and Chrome LE

Players

liquidthermy (uThermal) - Winner!

  • Race: Terran Terran
  • Spawn Location: 7:00

GunGFuBanDa

  • Race: Protoss Protoss
  • League: Master
  • Spawn Location: 1:00

Event: StayAtHomestory Cup #2

VOD

Have the link to the VOD?

Description

Time

  • Played on: June 11, 2020, 2:06 p.m.
  • Length: 5:55

All games in this series

Show
View Real Time Build Order
Export as new Build Order

liquidthermy Terran - Winner!

Build Orders: Reaper Expand 

Get SALT Encoding   

  12  0:01  SCV  
  13  0:13  SCV  
  14  0:17  Supply Depot  
  14  0:25  SCV  
  15  0:39  SCV  
  15  0:40  Barracks  
  16  0:44  Refinery  
  16  0:51  SCV  
  17  1:03  SCV  
  18  1:15  SCV  
  19  1:27  Orbital Command, Reaper  
  20  1:45  Command Center  
  20  1:52  Supply Depot  
  20  1:53  SCV  
  21  1:59  Marine  
  22  2:06  SCV  
  23  2:09  Factory  
  23  2:13  Refinery  
  23  2:20  Bunker  
  23  2:21  SCV  
  24  2:23  Barracks Reactor  
  24  2:33  SCV  
  25  2:45  SCV  
  26  2:54  Hellion, Starport  
  26  2:57  SCV  
  26  2:58  Orbital Command  
  29  2:59  Marine  
  29  3:01  Marine  
  31  3:09  SCV  
  32  3:19  Armory  
  32  3:22  SCV  
  32  3:24  SCV  
  34  3:30  Medivac  
  34  3:34  SCV, Supply Depot  
  37  3:36  Widow Mine  
  37  3:38  Widow Mine  
  37  3:39  SCV  
  42  3:46  SCV  
  42  3:50  Engineering Bay  
  42  3:51  SCV  
  41  3:58  SCV, Widow Mine  
  41  3:59  Widow Mine  
  41  4:01  Barracks Tech Lab  
  46  4:03  SCV  
  46  4:04  Viking  
  46  4:07  Supply Depot  
  49  4:10  SCV  
  49  4:15  SCV  
  49  4:16  Missile Turret  
  51  4:19  Widow Mine  
  53  4:24  SCV  
  53  4:29  SCV, Widow Mine  
  53  4:31  Supply Depot  
  57  4:34  Medivac  
  57  4:37  SCV  
  58  4:41  SCV, Widow Mine  
  56  4:47  Marauder  
  56  4:49  SCV  
  59  4:54  SCV  
  56  5:01  SCV  
  56  5:03  Widow Mine  
  57  5:07  SCV  
  57  5:13  Marauder  
  60  5:14  SCV  
  60  5:22  Supply Depot  
  60  5:31  Barracks  
  60  5:32  SCV  
  61  5:40  Factory Tech Lab  
  66  5:50  Barracks  
Show
View Real Time Build Order
Export as new Build Order

GunGFuBanDa Protoss 

Build Orders: 1 Gate Expand 

Get SALT Encoding   

  12  0:00  Probe  
  13  0:13  Probe  
  14  0:17  Pylon  
  14  0:23  Probe  
  15  0:31  Probe  
  16  0:36  Gateway  
  16  0:39  Probe  
  16  0:45  Assimilator  
  17  0:51  Probe  
  18  1:03  Probe  
  19  1:15  Probe  
  20  1:23  Cybernetics Core  
  20  1:33  Nexus  
  20  1:36  Probe  
  21  1:45  Pylon  
  21  1:48  Probe  
  21  1:52  Assimilator  
  21  1:53  Adept  
  18  2:01  Warp Gate  
  22  2:04  Probe  
  25  2:17  Probe  
  26  2:23  Adept  
  26  2:26  Probe  
  29  2:34  Probe  
  29  2:43  Probe  
  30  2:45  Probe  
  32  2:52  Adept, Gateway  
  32  2:53  Probe  
  32  2:55  Probe  
  36  2:59  Gateway  
  36  3:01  Probe  
  36  3:07  Probe  
  38  3:14  Probe  
  38  3:17  Pylon  
  40  3:20  Probe  
  40  3:23  Probe  
  41  3:30  Pylon  
  41  3:31  Probe  
  41  3:32  Probe  
  42  3:40  Probe  
  43  3:44  Probe  
  44  3:52  Probe  
  44  3:54  Twilight Council  
  44  3:55  Adept x3  
  51  3:56  Probe  
  52  4:04  Probe  
  52  4:05  Shield Battery  
  52  4:08  Probe  
  54  4:16  Adept x2  
  58  4:17  Adept  
  58  4:22  Pylon  
  60  4:27  Nexus  
  60  4:40  Stalker  
  56  4:48  Stalker  
  58  4:56  Probe x2  
  58  4:58  Stalker  
  60  5:00  Robotics Facility  
  60  5:06  Probe  
  56  5:08  Probe  
  51  5:14  Probe  
  51  5:20  Probe  
  52  5:24  Probe  
  52  5:25  Stalker x2  
  57  5:31  Stalker  
  57  5:33  Probe  
  60  5:38  Probe  
  60  5:42  Probe  
Tags
 
Add a new tag
Caveats
  • Supply blocks, unpowered buildings, or Contaminate may cause inaccurate times.
  • Supply counts are checked every 10 seconds.